 Dungeon Crawl Stone Soup version 0.28-a0-1493-g08698888e4 (webtiles) character file.

Game seed: 12725822095299001292

121 a3don the Ducker (level 5, -1/38 HPs)
             Began as a Djinni Hedge Wizard on Jan 13, 2022.
             Killed from afar by an orc wizard (2 damage)
             ... with a puff of flame
             ... on level 3 of the Dungeon.
             The game lasted 00:11:31 (3773 turns).

a3don the Ducker (Djinni Hedge Wizard)              Turns: 3773, Time: 00:11:32

Health: -1/38      AC:  2    Str:  9    XL:     5   Next: 26%
Gold:   65         EV: 13    Int: 17    God:
                   SH:  0    Dex: 13

rFire   + + .      SeeInvis .   j - +0 hand axe
rCold   x . .      Faith    .   (no shield)
rNeg    . . .      Spirit   .   b - +0 robe
rPois   ∞          Reflect  .   c - +0 hat
rElec   .          Harm     .   (no cloak)
rCorr   .          Rampage  .   (no gloves)
Will    .....                   (boots unavailable)
Stlth   ++........              (no amulet)
HPRegen 0.12/turn               (no ring)
MPRegen 0.00/turn               (no ring)

@: flying
A: sickness immunity, fire resistance 2, cold vulnerability 1, float, innate
caster, hp casting, extra vitality 1
a: no special abilities


You were on level 3 of the Dungeon.
You visited 1 branch of the dungeon, and saw 3 of its levels.

You collected 65 gold pieces.

Inventory:

Hand Weapons
 a - a +0 dagger
 j - a +0 hand axe (weapon)
 l - a +0 hand crossbow
 t - a +0 shortbow
Missiles
 n - 3 poisoned darts (quivered)
 o - 55 stones
Armour
 b - a +0 robe (worn)
 c - a +0 hat (worn)
Magical Staves
 q - a staff of fire
Scrolls
 d - 2 scrolls of vulnerability {unknown}
 e - a scroll of acquirement {unknown}
 i - 4 scrolls of noise {unknown}
 m - a scroll of amnesia {unknown}
 r - a scroll of magic mapping {unknown}
 u - a scroll of identify {unknown}
Potions
 f - a potion of curing {unknown}
 g - a potion of haste {unknown}
 h - a potion of invisibility {unknown}
 k - a potion of degeneration {unknown}
 p - a potion of lignification {unknown}
 s - a potion of flight {unknown}


   Skills:
 + Level 1.8 Fighting
 + Level 0.9 Staves
 + Level 3.4 Dodging
 - Level 1.8 Stealth
 + Level 3.0 Spellcasting
 + Level 1.0 Evocations


You couldn't memorise any spells.
You knew the following spells:

 Your Spells              Type           Power      Damage    Failure   Level
a - Magic Dart            Conj           52%        1d5       4%          1
b - Blink                 Tloc           26%        N/A       8%          2
c - Call Imp              Summ           13%        N/A       8%          2
d - Slow                  Hex            52%        N/A       4%          1
e - Conjure Flame         Conj/Fire      13%        6-21      14%         3
f - Mephitic Cloud        Conj/Pois/Air  13%        N/A       14%         3
g - Animate Skeleton      Necr           26%        N/A       4%          1
h - Scorch                Fire           26%        2d6       8%          2
Your spell library was empty.

Dungeon Overview and Level Annotations

Branches:
Dungeon (3/15)

Altars:
Dithmenos
Trog

Shops:
D:1 ?


Innate Abilities, Weirdness & Mutations

You are immune to sickness and miasma.
You are immune to poison.
Your flesh is very heat resistant. (rF++)
You are vulnerable to cold. (rC-)
You float through the air rather than walking.
You learn spells naturally, not from books.
Your magical power is your life essence.
You have superior vitality. (+4 MHP)


Message History

Aim: an orc wizard, wielding a +0 dagger and wearing a +0 robe (47% to hit)
Really fire in your crimson imp's direction?
You throw a poisoned dart. The poisoned dart hits the orc wizard.
The orc wizard is poisoned.
The orc wizard hits you with a +0 dagger.
* * * LOW HITPOINT WARNING * * *
Your crimson imp hits the orc wizard but does no damage.
Your crimson imp blinks!
Your crimson imp hits the orc wizard but does no damage.
Your crimson imp hits the orc wizard but does no damage.
Throw: 6 darts (poison)
Press: ? - help, Q - select action, (/) - cycle Shift-Dir - straight line, f/p - orc wizard
Aim: an orc wizard, wielding a +0 dagger and wearing a +0 robe (heavily wounded, poisoned, ally target, 47% to hit)
You throw a poisoned dart.
The poisoned dart barely misses the orc wizard.
The orc wizard closely misses your crimson imp.
Your crimson imp closely misses the orc wizard.
Throw: 5 darts (poison)
Press: ? - help, Q - select action, (/) - cycle Shift-Dir - straight line, f/p - orc wizard
Aim: an orc wizard, wielding a +0 dagger and wearing a +0 robe (heavily wounded, poisoned, ally target, 47% to hit)
You throw a poisoned dart.
The poisoned dart barely misses the orc wizard.
The orc wizard barely misses your crimson imp.
Your crimson imp blinks!
Throw: 4 darts (poison)
Press: ? - help, Q - select action, (/) - cycle Shift-Dir - straight line, f/p - orc wizard
Aim: an orc wizard, wielding a +0 dagger and wearing a +0 robe (severely wounded, poisoned, ally target, 47% to hit)
You throw a poisoned dart. The poisoned dart hits the orc wizard.
The orc wizard looks even sicker.
The orc wizard is severely wounded.
The orc wizard casts a spell at you. The puff of flame hits you. You resist.
* * * LOW HITPOINT WARNING * * *
You swap places.
Your crimson imp blinks!
The orc wizard points at you and mumbles some strange words.
You resist with some effort.
The orc wizard points at you and mumbles some strange words.
The puff of flame hits you. You resist.
You die...

..# ###.##........# .<#
#....(.)....# ..##
##.#.#....######## o#
...######.....o.......÷.# .#
........#...............# ..
................).......# .#
..†).....#.##...........# .#
.÷.......#.#............# .#
_..8.._.##.#.#..@.......# ###.#
........##.#.##.........# #...#
.................######## #o###
........####.##### #{#
†....#### #.# #.# ..####
#.####### #.# ..##
#######.......##########.#
...###......######......o.....#
....##.####.# ##############


You could see an orc wizard (poisoned).

Vanquished Creatures
  An orc wizard (D:3)
  2 adders
  A worm (D:2)
  An orc (D:3)
  4 bats
  2 endoplasms
  3 giant cockroaches
  5 hobgoblins
  7 jackals
  A kobold (D:2)
  5 ball pythons
  7 frilled lizards
  6 rats
45 creatures vanquished.

Vanquished Creatures (collateral kills)
  An adder (D:3)
  A worm (D:2)
  A dart slug (D:1)
  An orc (D:3)
  3 goblins
  A hobgoblin (D:3)
  A jackal (D:2)
  5 bats
14 creatures vanquished.

Grand Total: 59 creatures vanquished

Notes
Turn   | Place    | Note
-------+----------+-------------------------------------------
     0 | D:1      | a3don the Djinni Hedge Wizard began the quest for the Orb.
     0 | D:1      | Reached XP level 1. HP: 15/15 MP: 0/0
   197 | D:1      | Reached XP level 2. HP: 2/21 MP: 0/0
  1005 | D:1      | Found Xaacsel's Magic Scroll Emporium.
  1225 | D:1      | Reached XP level 3. HP: 24/26 MP: 0/0
  1225 | D:1      | Learned a level 1 spell: Animate Skeleton
  1321 | D:1      | Reached skill level 1 in Fighting
  2428 | D:2      | Reached XP level 4. HP: 25/32 MP: 0/0
  3258 | D:3      | Found a bloodstained altar of Trog.
  3258 | D:3      | Found a shadowy altar of Dithmenos.
  3749 | D:3      | Reached skill level 1 in Evocations
  3749 | D:3      | Reached XP level 5. HP: 2/38 MP: 0/0
  3749 | D:3      | Learned a level 2 spell: Scorch
  3760 | D:3      | HP: 1/38 [orc wizard (2)]
  3769 | D:3      | HP: 1/38 [orc wizard/puff of flame (2)]
  3773 | D:3      | Killed from afar by an orc wizard

Illustrated notes

Levels and vault maps discovered:
D:1:      lightli_iron_boxes, layout_rooms, serial_shops, shop_scrolls,
          ebering_dispersal_statue_hall
D:2:      layout_rooms, minmay_misc_feat_columns, kennysheep_generic_room_14
D:3:      layout_loops_cross, grunt_temple_overflow_open,
          hellmonk_ecumenical_altar_run_dry

Skill      XL: |  1  2  3  4 |
---------------+-------------+-----
Fighting       | 1 |  1.8
Dodging        | 3 |  3.4
Spellcasting   | 3 |  3.0
Evocations     | 1 |  1.0
Staves         | |  0.9
Stealth        | |  1.8

Action                   |  1- 3 |  4- 6 || total
-------------------------+-------+-------++-------
Melee: Hand axe          |    12 |    14 ||    26
Throw: Dart              |       |     5 ||     5
 Cast: Magic Dart        |    91 |    43 ||   134
       Slow              |     2 |       ||     2
       Call Imp          |    10 |    12 ||    22
       Blink             |     1 |       ||     1
       Animate Skeleton  |       |     2 ||     2
       Conjure Flame     |       |     1 ||     1
Armor: Robe              |    20 |    13 ||    33
Dodge: Dodged            |    45 |    24 ||    69

Table legend: (Time is in decaauts)
 A = Elapsed time spent in this place.
 B = Non-inter-level travel time spent in this place.
 C = Inter-level travel time spent in this place.
 D = Time resting spent in this place.
 E = Time spent auto-exploring this place.
 F = Levels seen in this place.
 G = Mean time per level.
                   A        B        C        D        E       F      G
               +--------+--------+--------+--------+--------+-----+--------+
         Total |   3779 |   3709 |     70 |   1362 |   1813 |   3 | 1259.7 |
       Dungeon |   3779 |   3709 |     70 |   1362 |   1813 |   3 | 1259.7 |
               +--------+--------+--------+--------+--------+-----+--------+

Top non-repeatable levels by time:
     D:1: 1664 daAuts
     D:2: 1600 daAuts
     D:3: 514 daAuts
